 Dungeon Crawl Stone Soup version 0.26.0-91-g99b343417d (webtiles) character file.

Game seed: 5215538469141428096

226 Gadfly the Sneak (level 5, 0/29 HPs)
             Began as a Vampire Enchanter on Feb 3, 2021.
             Was an Initiate of Gozag.
             Slain by a worker ant (1 damage)
             ... on level 3 of the Dungeon.
             The game lasted 00:08:34 (2825 turns).

Gadfly the Sneak (Vampire Enchanter)                Turns: 2825, Time: 00:08:35

Health: 0/29       AC:  2    Str:  7    XL:     5   Next: 69%
Magic:  7/9        EV: 14    Int: 18    God:    Gozag
Gold:   144        SH:  0    Dex: 15    Spells: 1/9 levels left

rFire    . . .     SeeInvis +   a - +1 dagger
rCold    + + .     Faith    .   (no shield)
rNeg     + + +     Spirit   .   b - +0 robe
rPois    ∞         Reflect  .   (no helmet)
rElec    .         Harm     .   l - scarf {+Inv}
rCorr    .         Rampage  .   (no gloves)
Will     .....     Rnd*Tele +   (no boots)
Stlth    +++++.....             g - amulet of magic regeneration
HPRegen  0.00/turn              c - ring of teleportation (curse)
MPRegen  0.36/turn              (no ring)

@: bloodless
A: fangs 3, see invisible, unbreathing
a: Bat Form, Revivify, Renounce Religion, Evoke Invisibility, Potion Petition,
Call Merchant, Bribe Branch


You were on level 3 of the Dungeon.
You worshipped Gozag.
Gozag was aware of your devotion.
You visited 1 branch of the dungeon, and saw 4 of its levels.

You collected 170 gold pieces.
You paid 26 gold pieces to Gozag.

Inventory:

Hand Weapons
 a - a +1 dagger (weapon)
Armour
 b - a +0 robe (worn)
 l - a scarf of invisibility (worn)
Jewellery
 c - a cursed ring of teleportation (left hand)
 g - an amulet of magic regeneration (around neck)
Wands
 m - a wand of random effects (24)
Scrolls
 f - a scroll of identify
 j - a scroll of amnesia
Potions
 d - a potion of attraction {unknown}
 e - a potion of brilliance
 h - a potion of invisibility {unknown}
 i - a potion of heal wounds {unknown}
 k - 2 potions of cancellation {unknown}


   Skills:
 + Level 1.2 Fighting
 * Level 2.7 Short Blades
 * Level 3.4 Dodging
 + Level 5.6 Stealth
 * Level 2.7 Spellcasting
 + Level 5.0 Hexes
 * Level 1.6 Evocations


You had one spell level left.
You knew the following spells:

 Your Spells              Type           Power        Failure   Level
a - Confusing Touch       Hex            20%          6%          3
b - Ensorcelled Hibernat  Hex/Ice        22%          9%          2
c - Dazzling Flash        Conj/Hex       22%          19%         3

Your spell library contained the following spells:

 Spells                   Type           Power        Failure   Level
 Corona                   Hex            22%          2%          1
 Tukima's Dance           Hex            20%          6%          3


Dungeon Overview and Level Annotations

Branches:
Dungeon (4/15)
 Temple: D:4-7

Altars:
Cheibriados
Gozag
Nemelex Xobeh
Okawaru
Qazlal
Sif Muna
Wu Jian


Innate Abilities, Weirdness & Mutations

You do not regenerate when monsters are visible.
You are frail without blood (-20% HP).
You can heal yourself when you bite living creatures.
You are immune to poison.
You have razor-sharp teeth.
You have supernaturally acute eyesight. (SInv)
You can survive without breathing.


Message History

* * * LOW HITPOINT WARNING * * *
The worker ant barely misses you.
You climb upwards.
There is a stone staircase leading down here.
Okay, then.
Okay, then.
Aiming: Ensorcelled Hibernation (safe; 9% risk of failure)
Press: ? - help, Q - select action, (/) - cycle Shift-Dir - straight line, f - worker ant
Aim: a worker ant (chance to affect: 50%)
Okay, then.
Okay, then.
Casting: Ensorcelled Hibernation (safe; 9% risk of failure)
Confirm with . or Enter, or press ? or * to list all spells.
Aiming: Ensorcelled Hibernation (safe; 9% risk of failure)
Press: ? - help, Shift-Dir - straight line, f - worker ant
Aim: a worker ant (chance to affect: 50%)
The worker ant resists with some effort.
The worker ant bites you.
You die...
Your body crumbles into a pile of gold.

#.....'.##.##.#####...
#.....####....### #...
#.....##........###### #####
###+#..+........'.....
#...########+#.##........##.###
#...##.........##........##+###
#...##.........##..............
#..............().......#......
#............B@.........#......
#......#######..........###'###
######## #..........###.#
#.).........##.###
#.................
#................. ##########
#####....#........ ##........##
#....##......# #..........#
#.....##.....#


You could see a worker ant.

Vanquished Creatures
  A bullfrog (D:3)
  A bullfrog skeleton (D:4)
  An orc priest (D:4)
  3 adders (D:3)
  4 dart slugs
  3 worms
  A leopard gecko (D:1)
  2 orcs (D:3)
  A ball python (D:1)
  4 bats
  2 giant cockroaches
  5 goblins
  8 hobgoblins
  5 jackals (D:3)
  7 frilled lizards
  6 kobolds
  A quokka skeleton (D:3)
  10 rats
65 creatures vanquished.

Notes
Turn   | Place    | Note
-------+----------+-------------------------------------------
     0 | D:1      | Gadfly the Vampire Enchanter began the quest for the Orb.
     0 | D:1      | Reached XP level 1. HP: 13/13 MP: 3/3
   319 | D:1      | Reached XP level 2. HP: 15/15 MP: 5/5
   585 | D:1      | Learned a level 2 spell: Ensorcelled Hibernation
   622 | D:1      | Found a snail-covered altar of Cheibriados.
   807 | D:2      | Found a sparkling altar of Nemelex Xobeh.
   810 | D:2      | Reached skill level 5 in Stealth
   810 | D:2      | Reached XP level 3. HP: 20/20 MP: 6/6
  1116 | D:2      | Found a shimmering blue altar of Sif Muna.
  1419 | D:2      | Found an iron altar of Okawaru.
  1705 | D:2      | Learned a level 3 spell: Confusing Touch
  1884 | D:3      | Reached XP level 4. HP: 24/24 MP: 7/7
  1941 | D:3      | HP: 1/24 [adder (1)]
  1947 | D:3      | Reached skill level 1 in Evocations
  2084 | D:3      | Found an opulent altar of Gozag.
  2129 | D:3      | Became a worshipper of Gozag Ym Sagoz the Greedy
  2135 | D:3      | Noticed a bullfrog
  2141 | D:3      | Killed a bullfrog
  2142 | D:3      | Reached skill level 1 in Fighting
  2142 | D:3      | Reached XP level 5. HP: 29/29 MP: 5/8
  2520 | D:3      | Learned a level 3 spell: Dazzling Flash
  2580 | D:3      | Found an ornate altar of the Wu Jian Council.
  2698 | D:4      | Found a stormy altar of Qazlal.
  2763 | D:4      | Reached skill level 5 in Hexes
  2823 | D:4      | HP: 1/29 [worker ant (3)]
  2825 | D:3      | Slain by a worker ant

Illustrated notes

Levels and vault maps discovered:
D:1:      heliophobic_arrival_henge, layout_rooms, cheibriados_altar_1
D:2:      layout_loops_ring, lemuel_doored_altar,
          nemelex_xobeh_ov_fountains_minmay, serial_glass, glass_columns_a,
          glass_columns_b, kennysheep_okawaru_gauntlet
D:3:      layout_basic, general_overflow_altar, grunt_gozag_breadcrumbs
D:4:      layout_loops_ring, lightli_temple_of_fire, minmay_temple_entry_tees,
          grunt_qazlal_clouds

Skill      XL: |  1  2  3  4  5 |
---------------+----------------+-----
Stealth        | 5 |  5.6
Short Blades   | 2 |  2.7
Evocations     | 1 |  1.6
Fighting       | 1 |  1.2
Dodging        | 3 |  3.4
Hexes          | 5 |  5.0
Spellcasting   | |  2.7

Action                   |  1- 3 |  4- 6 || total
-------------------------+-------+-------++-------
Melee: Dagger            |   118 |    79 ||   197
       Bite              |    13 |     6 ||    19
 Cast: Ensorcelled Hiber |     9 |    16 ||    25
       Confusing Touch   |       |     1 ||     1
 Abil: Exsanguinate      |     1 |       ||     1
  Use: Scroll            |     4 |       ||     4
       Potion            |     1 |     1 ||     2
 Stab: Sleeping          |    22 |    12 ||    34
       Confused          |       |     2 ||     2
       Distracted        |       |     1 ||     1
Armor: Robe              |    19 |    15 ||    34
Dodge: Dodged            |    57 |    63 ||   120
